[Event "Hungarian Youth-ch I 2024"]
[Site "Szolnok"]
[Date "2024.04.02"]
[Round "2.18"]
[White "Nagy, Norbert"]
[Black "Marton-John, Almos Kiran"]
[Result "1-0"]
[ECO "C79"]
[WhiteElo "1629"]
[BlackElo "1693"]
[Annotator "NA RC"]
[PlyCount "141"]
[EventDate "2024.03.31"]
[EventType "swiss"]
[EventCountry "HUN"]
[SourceTitle "playchess.com"]
[Source "ChessBase"]
[SourceQuality "1"]
[TimeControl "5400+30"]

1. e4 e5 2. Nf3 Nc6 3. Bb5 a6 4. Ba4 Nf6 5. O-O d6 6. c3 b5 7. Bc2 Be7 8. h3 h6 9. d4 Bb7 10. Be3 O-O 11. Nbd2 Na5 12. dxe5 dxe5 13. Nxe5 Bd6 14. Ng4 Re8 15. Nxf6+ Qxf6 16. f4 Qg6 17. Rf2 c5 18. e5 Qe6 19. Nf1 Bf8 20. Qd3 g6 21. f5 Qxe5 22. fxg6 fxg6 23. Qxg6+ Qg7 24. Qxg7+ Kxg7 25. Ng3 Nc4 26. Nh5+ Kh8 27. Rf7 Re7 28. Rxe7 Bxe7 29. Bxh6 Bf8 30. Bxf8 Rxf8 31. Re1 Nxb2 32. Re7 Bd5 33. g4 Bf7 34. Nf4 Kg7 35. g5 Re8 36. Rxf7+ Kxf7 37. Bg6+ Kf8 38. Bxe8 Kxe8 39. Ne6 Nd3 40. Nc7+ Kf7 41. Nxa6 Kg6 42. h4 Ne5 43. Kf2 Kh5 44. Kg3 Ng6 45. Nxc5 Nxh4 46. Ne4 Nf5+ 47. Kf4 Kg6 48. Ke5 Ne3 49. Kd4 Nc2+ 50. Kc5 Na3 51. Kb4 Nb1 52. Kxb5 Kf5 53. Kb4 Kxe4 54. g6 Nd2 55. g7 Nf3 56. g8=Q Ne5 57. Qe6 Kf4 58. Qxe5+ Kxe5 59. Kc5 Ke6 60. a4 Kd7 61. a5 Kc7 62. a6 Kb8 63. Kb6 Ka8 64. c4 Kb8 65. c5 Kc8 66. a7 Kd7 67. a8=Q Ke6 68. Qe8+ Kd5 69. c6 Kd4 70. c7 Kd5 71. c8=Q 1-0

[Event "Hungarian Youth-ch I 2024"]
[Site "Szolnok"]
[Date "2024.04.02"]
[Round "2.19"]
[White "Fan, Xiaotong"]
[Black "Tari, Arpad"]
[Result "1-0"]
[ECO "C29"]
[WhiteElo "1731"]
[BlackElo "1491"]
[Annotator "NA RC"]
[PlyCount "65"]
[EventDate "2024.03.31"]
[EventType "swiss"]
[EventCountry "HUN"]
[SourceTitle "playchess.com"]
[Source "ChessBase"]
[SourceQuality "1"]
[TimeControl "5400+30"]

1. e4 e5 2. Nc3 Nf6 3. f4 d5 4. fxe5 Nxe4 5. Nf3 Bg4 6. d4 Nc6 7. Bb5 Bb4 8. Bd2 Bxf3 9. Qxf3 Nxd2 10. Kxd2 O-O 11. Bxc6 bxc6 12. Ke2 f6 13. exf6 Rxf6 14. Qe3 Qd7 15. Kd2 Re8 16. Qg3 Qe7 17. Rae1 Re6 18. Rxe6 Qxe6 19. Re1 Bxc3+ 20. bxc3 Qh6+ 21. Kd1 Qh5+ 22. Kc1 Rxe1+ 23. Qxe1 Qf7 24. Qe2 Qf4+ 25. Kb2 Qf7 26. Qa6 Qf6 27. Qc8+ Qf8 28. Qxc7 Qf1 29. Qxc6 Qf7 30. Qc8+ Qf8 31. Qxf8+ Kxf8 32. c4 dxc4 33. Kc3 1-0

[Event "Hungarian Youth-ch I 2024"]
[Site "Szolnok"]
[Date "2024.04.02"]
[Round "2.21"]
[White "Sipos, Stefania"]
[Black "Buri, Petra Zsuzsanna"]
[Result "1/2-1/2"]
[ECO "C77"]
[WhiteElo "1885"]
[BlackElo "1972"]
[Annotator "RC"]
[PlyCount "102"]
[EventDate "2024.03.31"]
[EventType "swiss"]
[EventCountry "HUN"]
[SourceTitle "playchess.com"]
[Source "ChessBase"]
[SourceQuality "1"]
[TimeControl "5400+30"]

1. e4 e5 2. Nf3 Nc6 3. Bb5 a6 4. Ba4 Nf6 5. d3 b5 6. Bb3 Be7 7. O-O O-O 8. Nc3 d6 9. a3 Na5 10. Ba2 Be6 11. Nd5 Nxd5 12. Bxd5 Bxd5 13. exd5 c5 14. b4 Nb7 15. Bb2 a5 16. Qd2 Qc7 17. Rfc1 h6 18. Qe1 f5 19. bxa5 Nxa5 20. Bc3 Rfb8 21. Rcb1 Bd8 22. Nxe5 b4 23. axb4 cxb4 24. Bd4 dxe5 25. Bxe5 Qxc2 26. Bxb8 Rxb8 27. Rxb4 Rxb4 28. Qxb4 Nb3 29. Rf1 Qxd3 30. d6 Nd2 31. Re1 Ne4 32. Qb8 Qxd6 33. Qxd6 Nxd6 34. Rd1 Be7 35. g3 Kf7 36. Kg2 Kf6 37. Rd5 g5 38. Ra5 Kg6 39. Ra7 Kf6 40. Ra5 g4 41. h3 gxh3+ 42. Kxh3 Ne4 43. Kg2 Bd6 44. Ra6 Ke7 45. Ra7+ Kf6 46. Ra6 Ke5 47. Ra5+ Nc5 48. Kf3 h5 49. Ra8 Kf6 50. Rh8 Kg6 51. Rd8 Bc7 1/2-1/2

[Event "Hungarian Youth-ch I 2024"]
[Site "Szolnok"]
[Date "2024.04.02"]
[Round "2.22"]
[White "Alexandrova, Angelina"]
[Black "Harkai, Emma"]
[Result "1/2-1/2"]
[ECO "D02"]
[WhiteElo "1812"]
[BlackElo "1918"]
[Annotator "RC"]
[PlyCount "61"]
[EventDate "2024.03.31"]
[EventType "swiss"]
[EventCountry "HUN"]
[SourceTitle "playchess.com"]
[Source "ChessBase"]
[SourceQuality "1"]
[TimeControl "5400+30"]

1. d4 d5 2. Nf3 Nf6 3. g3 e6 4. Bg2 Be7 5. O-O b5 6. a4 b4 7. Ne5 Bb7 8. c3 bxc3 9. bxc3 O-O 10. Nd2 Nbd7 11. Ndf3 Rb8 12. a5 a6 13. Qa4 Nxe5 14. Nxe5 Qe8 15. Bg5 Qxa4 16. Rxa4 Rfd8 17. Rb1 h6 18. Bf4 g5 19. Bd2 Bc6 20. Rxb8 Bxa4 21. Rxd8+ Bxd8 22. c4 Be7 23. c5 Nd7 24. Nxd7 Bxd7 25. e4 dxe4 26. Bxe4 Bb5 27. f4 Bf6 28. Bc3 gxf4 29. gxf4 Kf8 30. Kf2 Ke7 31. Ke3 1/2-1/2

[Event "Hungarian Youth-ch I 2024"]
[Site "Szolnok"]
[Date "2024.04.02"]
[Round "2.23"]
[White "Kiraly, Lilla Virag"]
[Black "Kovacs, Veronika"]
[Result "1-0"]
[ECO "B11"]
[WhiteElo "1923"]
[BlackElo "1931"]
[Annotator "RC"]
[PlyCount "119"]
[EventDate "2024.03.31"]
[EventType "swiss"]
[EventCountry "HUN"]
[SourceTitle "playchess.com"]
[Source "ChessBase"]
[SourceQuality "1"]
[TimeControl "5400+30"]

1. e4 c6 2. Nc3 d5 3. Nf3 Bg4 4. h3 Bxf3 5. Qxf3 e6 6. d4 Nf6 7. exd5 Nxd5 8. Bd2 Nd7 9. Nxd5 exd5 10. Bd3 Qf6 11. Qe2+ Be7 12. c3 O-O 13. O-O Rfe8 14. Qg4 Nf8 15. Rae1 Qh4 16. a4 Qxg4 17. hxg4 h6 18. b4 a6 19. b5 axb5 20. axb5 Ne6 21. Bf5 Bd6 22. Rb1 Reb8 23. Rfe1 Nc7 24. b6 Nb5 25. Ra1 Ra6 26. Bd3 Rxb6 27. Rab1 Kf8 28. Rb3 Ra6 29. Bxb5 cxb5 30. Rxb5 Ra2 31. Be3 Rc2 32. Rxd5 Bc7 33. Rc5 Bd6 34. Rc4 Ra8 35. g3 f6 36. Rb1 Rb8 37. d5 Ra2 38. Bc5 Ke7 39. Bb6 Kd7 40. Re4 Rc2 41. Ba7 Rc8 42. Rxb7+ Rc7 43. Rxc7+ Bxc7 44. Bd4 Kd6 45. c4 Rxc4 46. Be5+ Kxd5 47. Rxc4 Bxe5 48. Ra4 Ke6 49. Ra7 f5 50. Ra6+ Kf7 51. gxf5 Bd4 52. Kg2 Bc5 53. f4 Bd4 54. Kf3 Bf6 55. g4 g5 56. fxg6+ Kxg6 57. Ke4 Kg7 58. Kf5 Bd8 59. Ra7+ Kf8 60. Kg6 1-0

[Event "Hungarian Youth-ch I 2024"]
[Site "Szolnok"]
[Date "2024.04.02"]
[Round "2.24"]
[White "Kovacs, Reka"]
[Black "Szarvas, Nora"]
[Result "1/2-1/2"]
[ECO "B29"]
[WhiteElo "1855"]
[BlackElo "1955"]
[Annotator "RC"]
[PlyCount "71"]
[EventDate "2024.03.31"]
[EventType "swiss"]
[EventCountry "HUN"]
[SourceTitle "playchess.com"]
[Source "ChessBase"]
[SourceQuality "1"]
[TimeControl "5400+30"]

1. e4 c5 2. Nf3 Nf6 3. e5 Nd5 4. c4 Nb6 5. d4 cxd4 6. c5 Nd5 7. Qxd4 e6 8. Nc3 Qa5 9. Bd2 Nc6 10. Nxd5 Nxd4 11. Bxa5 Nxf3+ 12. gxf3 exd5 13. Rc1 Be7 14. Bg2 Bg5 15. Rd1 b6 16. Bd2 Bxd2+ 17. Rxd2 Bb7 18. cxb6 axb6 19. a3 Ra4 20. O-O O-O 21. f4 Rxf4 22. Bxd5 Ba6 23. Rc1 Rf5 24. Rc7 Rxe5 25. Rxd7 Bc8 26. f4 Rf5 27. Rc7 Rxf4 28. Rf2 Rxf2 29. Kxf2 g6 30. b4 Kg7 31. a4 Kf6 32. a5 Ke5 33. Rxf7 Rxf7+ 34. Bxf7 bxa5 35. bxa5 Ba6 36. Ke3 1/2-1/2

[Event "Hungarian Youth-ch I 2024"]
[Site "Szolnok"]
[Date "2024.04.02"]
[Round "2.25"]
[White "Nandin-Erdene, Davaademberel"]
[Black "Bende, Eniko Tunde"]
[Result "1-0"]
[ECO "B36"]
[WhiteElo "1978"]
[BlackElo "1650"]
[Annotator "RC"]
[PlyCount "111"]
[EventDate "2024.03.31"]
[EventType "swiss"]
[EventCountry "HUN"]
[SourceTitle "playchess.com"]
[Source "ChessBase"]
[SourceQuality "1"]
[TimeControl "5400+30"]

1. e4 c5 2. Nf3 Nc6 3. d4 cxd4 4. Nxd4 g6 5. c4 Nf6 6. Nc3 Nxd4 7. Qxd4 Bg7 8. Be2 d6 9. O-O O-O 10. Qd3 Be6 11. Bd2 Qd7 12. b3 Rfc8 13. Rac1 Bg4 14. f3 Be6 15. f4 Bg4 16. f5 Bxe2 17. Nxe2 Qc6 18. Nc3 Ng4 19. Qe2 Ne5 20. Nd5 Re8 21. Kh1 Rac8 22. Rc3 Qd7 23. Rh3 e6 24. Ne3 a6 25. f6 Bh8 26. Rf4 Qd8 27. Qf2 g5 28. Rg3 h6 29. Qf1 Kf8 30. Rf2 Nd7 31. Bc3 e5 32. Nd5 Nc5 33. Qe2 Re6 34. Qh5 Nxe4 35. Qxh6+ Ke8 36. Qxh8+ Kd7 37. Qxd8+ Rxd8 38. Rff3 Nxg3+ 39. Rxg3 Rg8 40. Nb6+ Kc6 41. Nd5 Kd7 42. Rd3 e4 43. Re3 b5 44. Kg1 Rb8 45. Kf2 bxc4 46. bxc4 Rh8 47. h3 Rb8 48. Bd4 Ree8 49. Ra3 Rh8 50. Rxa6 Ke6 51. Ra7 Kf5 52. Rxf7 Kg6 53. Rg7+ Kh6 54. Ne3 Ra8 55. Nf5+ Kh5 56. g4# 1-0

[Event "Hungarian Youth-ch I 2024"]
[Site "Szolnok"]
[Date "2024.04.02"]
[Round "2.26"]
[White "Balazs, Sztella Anna"]
[Black "Karacsonyi, Luca"]
[Result "1-0"]
[ECO "C54"]
[WhiteElo "1805"]
[BlackElo "1956"]
[Annotator "RC"]
[PlyCount "73"]
[EventDate "2024.03.31"]
[EventType "swiss"]
[EventCountry "HUN"]
[SourceTitle "playchess.com"]
[Source "ChessBase"]
[SourceQuality "1"]
[TimeControl "5400+30"]

1. e4 e5 2. Nf3 Nc6 3. Bc4 Bc5 4. c3 Nf6 5. d3 O-O 6. O-O d5 7. exd5 Nxd5 8. Re1 Bg4 9. Nbd2 Nb6 10. h3 Bh5 11. Bb3 Qxd3 12. Nxe5 Qf5 13. Nef3 Rad8 14. Qe2 Qc8 15. Ne4 Rde8 16. Bf4 Qf5 17. Bxc7 Re7 18. Nh4 Bxe2 19. Nxf5 Rxe4 20. Ng3 Rfe8 21. Nxe4 Rxe4 22. Bc2 Re6 23. Bf5 Re7 24. b4 Bxb4 25. cxb4 Rxc7 26. Rxe2 g6 27. Rc2 Re7 28. Bg4 Nxb4 29. Rb2 Nd3 30. Rd2 Ne5 31. Re2 f5 32. Rae1 fxg4 33. Rxe5 Rxe5 34. Rxe5 Kf7 35. Rc5 Kf6 36. hxg4 a6 37. Rc7 1-0

[Event "Hungarian Youth-ch I 2024"]
[Site "Szolnok"]
[Date "2024.04.02"]
[Round "2.27"]
[White "Toth, Timea"]
[Black "Beznicza, Mira"]
[Result "0-1"]
[ECO "C45"]
[WhiteElo "1978"]
[BlackElo "1801"]
[Annotator "RC"]
[PlyCount "98"]
[EventDate "2024.03.31"]
[EventType "swiss"]
[EventCountry "HUN"]
[SourceTitle "playchess.com"]
[Source "ChessBase"]
[SourceQuality "1"]
[TimeControl "5400+30"]

1. e4 Nc6 2. d4 e5 3. Nf3 exd4 4. Nxd4 Nf6 5. Nxc6 bxc6 6. e5 Qe7 7. Qe2 Nd5 8. a3 Qe6 9. Nd2 Be7 10. Nf3 O-O 11. g3 a5 12. Nd4 Qg6 13. Qf3 f6 14. Bd3 Qe8 15. Qe4 g6 16. O-O Bc5 17. Nb3 Ba7 18. c4 Nb6 19. Bf4 Qf7 20. exf6 Re8 21. Qg2 Nxc4 22. Bxc4 Qxc4 23. Qf3 Ba6 24. Rfe1 Rf8 25. Bxc7 a4 26. Nd2 Qd4 27. Ne4 d5 28. Rad1 dxe4 29. Rxe4 Rxf6 30. Rexd4 Rxf3 31. Rd8+ Rxd8 32. Rxd8+ Kf7 33. Ra8 Bxf2+ 34. Kg2 Be2 35. Rxa4 Bc5 36. Ra5 Rf2+ 37. Kh3 Bf1+ 38. Kg4 h5+ 39. Kg5 Be3+ 40. Bf4 Bxf4+ 41. gxf4 Rg2+ 42. Kh6 Rxb2 43. f5 Bd3 44. fxg6+ Bxg6 45. Rc5 Be4 46. Rxh5 Kf6 47. Rh4 Rb8 48. Rf4+ Bf5 49. Rxf5+ Kxf5 0-1

[Event "Hungarian Youth-ch I 2024"]
[Site "Szolnok"]
[Date "2024.04.02"]
[Round "3.6"]
[White "Turcsanyi, Vince Gergo"]
[Black "Bodrogi, Bendeguz"]
[Result "1/2-1/2"]
[ECO "B15"]
[WhiteElo "2247"]
[BlackElo "2316"]
[Annotator "RC"]
[PlyCount "88"]
[EventDate "2024.03.31"]
[EventType "swiss"]
[EventCountry "HUN"]
[SourceTitle "playchess.com"]
[Source "ChessBase"]
[SourceQuality "1"]
[TimeControl "5400+30"]

1. e4 c6 2. d4 d5 3. Nc3 dxe4 4. Nxe4 Nf6 5. Nxf6+ exf6 6. c3 Bd6 7. Bd3 O-O 8. Qc2 Re8+ 9. Ne2 h5 10. O-O h4 11. h3 Nd7 12. Bd2 Nf8 13. Rae1 g6 14. c4 Be6 15. Kh1 Rc8 16. Bc3 Qd7 17. Ng1 b5 18. b3 Bb8 19. f4 Qd6 20. Qf2 bxc4 21. bxc4 Bd7 22. c5 Qd5 23. Qxh4 Kg7 24. Nf3 Rxe1 25. Rxe1 Re8 26. Rxe8 Bxe8 27. Nd2 Nh7 28. Qe1 Bd7 29. Bc4 Qh5 30. Kg1 Bxf4 31. Qe7 Bf5 32. Bxf7 Qd1+ 33. Kf2 Kh6 34. Bb3 Qc1 35. Bg8 Bxd2 36. h4 g5 37. Bxh7 Bxh7 38. Qxf6+ Kh5 39. Qe7 Bd3 40. Qe8+ Kg4 41. Qe6+ Kh5 42. Qe8+ Kh6 43. Qf8+ Kg6 44. Qg8+ Kh5 1/2-1/2

[Event "Hungarian Youth-ch I 2024"]
[Site "Szolnok"]
[Date "2024.04.02"]
[Round "3.7"]
[White "Kolimar, Kristof Pal"]
[Black "Szegedy, Matyas"]
[Result "1/2-1/2"]
[ECO "A62"]
[WhiteElo "2282"]
[BlackElo "2177"]
[Annotator "RC"]
[PlyCount "138"]
[EventDate "2024.03.31"]
[EventType "swiss"]
[EventCountry "HUN"]
[SourceTitle "playchess.com"]
[Source "ChessBase"]
[SourceQuality "1"]
[TimeControl "5400+30"]

1. d4 Nf6 2. c4 e6 3. Nc3 c5 4. d5 exd5 5. cxd5 d6 6. g3 g6 7. Bg2 Bg7 8. Nf3 O-O 9. O-O Re8 10. Bf4 Na6 11. Re1 Bg4 12. h3 Bxf3 13. Bxf3 Nd7 14. Ne4 Ne5 15. Bg2 Qe7 16. Rc1 b5 17. a4 Rab8 18. axb5 Rxb5 19. Ra1 Nb4 20. Nd2 Reb8 21. Bxe5 Bxe5 22. Nc4 Bg7 23. Qd2 h5 24. h4 Rd8 25. e3 Qd7 26. Kh2 Rb7 27. Ra5 Bh6 28. Bh3 Qe8 29. b3 Qe4 30. Bg2 Qd3 31. Qxd3 Nxd3 32. Re2 Rxb3 33. Rxa7 Rb4 34. Na5 Ra4 35. Nc6 Rxa7 36. Nxa7 Ra8 37. Nb5 Ra6 38. f4 Bg7 39. e4 Rb6 40. Na3 Rb4 41. Rd2 Nc1 42. e5 Nb3 43. Re2 Nd4 44. Re4 Bf8 45. e6 fxe6 46. dxe6 Be7 47. Re3 Kg7 48. Bd5 Rb2+ 49. Kg1 Nf5 50. Rd3 Re2 51. Nc4 Rc2 52. Na3 Re2 53. Nc4 Bf6 54. Kf1 Rc2 55. Rb3 Ne7 56. Rb7 Kg8 57. Nb6 Rb2 58. Nd7 Rxb7 59. Nxf6+ Kg7 60. Nxh5+ gxh5 61. Bxb7 d5 62. Kf2 Kf6 63. g4 hxg4 64. Kg3 Kxe6 65. Kxg4 Kf6 66. h5 c4 67. Kf3 Kg7 68. f5 c3 69. Ke2 Nxf5 1/2-1/2

[Event "Hungarian Youth-ch I 2024"]
[Site "Szolnok"]
[Date "2024.04.02"]
[Round "3.8"]
[White "Herczeg, Marcell"]
[Black "Foldes, Marton Gabor"]
[Result "0-1"]
[ECO "B03"]
[WhiteElo "2107"]
[BlackElo "2162"]
[Annotator "RC"]
[PlyCount "82"]
[EventDate "2024.03.31"]
[EventType "swiss"]
[EventCountry "HUN"]
[SourceTitle "playchess.com"]
[Source "ChessBase"]
[SourceQuality "1"]
[TimeControl "5400+30"]

1. e4 Nf6 2. e5 Nd5 3. c4 Nb6 4. d4 d6 5. exd6 cxd6 6. Nc3 g6 7. Be3 Bg7 8. Qd2 Bf5 9. Bh6 Bxh6 10. Qxh6 Nc6 11. Nf3 Nb4 12. O-O-O Qc7 13. b3 N6d5 14. Nxd5 Nxd5 15. Kb2 a5 16. Bd3 Bxd3 17. Rxd3 Nb4 18. Rc3 O-O-O 19. a3 Nc6 20. d5 Na7 21. Re1 Kb8 22. Qf4 Rhf8 23. Qh4 Rde8 24. Nd4 Qc5 25. Re4 e5 26. dxe6 fxe6 27. f3 e5 28. Nc2 Rf7 29. Ne3 Nc6 30. Rd3 Nd4 31. Rdxd4 Rf4 32. Qe1 Qxd4+ 33. Rxd4 exd4 34. Qd2 dxe3 35. Qxd6+ Ka8 36. Qd7 Rff8 37. Qb5 e2 38. Qxa5+ Kb8 39. Qe1 Rf7 40. Qg3+ Rc7 41. Qe1 Rd7 0-1

[Event "Hungarian Youth-ch I 2024"]
[Site "Szolnok"]
[Date "2024.04.02"]
[Round "3.9"]
[White "Gergely, Daniel"]
[Black "Megyaszai, Balazs"]
[Result "1/2-1/2"]
[ECO "D35"]
[WhiteElo "2230"]
[BlackElo "2029"]
[Annotator "RC"]
[PlyCount "114"]
[EventDate "2024.03.31"]
[EventType "swiss"]
[EventCountry "HUN"]
[SourceTitle "playchess.com"]
[Source "ChessBase"]
[SourceQuality "1"]
[TimeControl "5400+30"]

1. d4 d5 2. c4 e6 3. Nc3 Nf6 4. cxd5 exd5 5. Bg5 c6 6. e3 h6 7. Bh4 Bf5 8. Qf3 Bh7 9. Bxf6 Qxf6 10. Qxf6 gxf6 11. f4 Bf5 12. Nf3 Bd6 13. Kf2 a5 14. Nh4 Bd7 15. Bd3 Na6 16. Rac1 Nc7 17. Rhf1 Rg8 18. Na4 Rd8 19. a3 Kf8 20. b4 axb4 21. axb4 Ke7 22. Nc5 Bxc5 23. bxc5 Ra8 24. Ra1 Rxa1 25. Rxa1 Ra8 26. Rxa8 Nxa8 27. Kf3 b6 28. cxb6 Nxb6 29. Bf5 Be6 30. g4 Nc4 31. h3 Kd6 32. Bd3 Nb2 33. Be2 c5 34. dxc5+ Kxc5 35. f5 Bd7 36. Ng2 d4 37. exd4+ Kxd4 38. Nf4 Bc6+ 39. Kg3 Ke5 40. Nh5 Bd5 41. Nf4 Bc6 42. h4 Bd5 43. Nxd5 Kxd5 44. Bb5 Kd6 45. Kf4 Nd1 46. Be2 Nc3 47. Bc4 Ke7 48. Ke3 Na4 49. Kd4 Nb6 50. Bb5 Nd7 51. Bxd7 Kxd7 52. Ke4 Kc6 53. Kf4 Kd5 54. g5 fxg5+ 55. hxg5 hxg5+ 56. Kxg5 Ke5 57. Kg4 f6 1/2-1/2

[Event "Hungarian Youth-ch I 2024"]
[Site "Szolnok"]
[Date "2024.04.02"]
[Round "3.10"]
[White "Csernyik, Mark"]
[Black "Blake-Gyeresy, Alfred"]
[Result "1-0"]
[ECO "B90"]
[WhiteElo "2016"]
[BlackElo "1771"]
[Annotator "RC"]
[PlyCount "35"]
[EventDate "2024.03.31"]
[EventType "swiss"]
[EventCountry "HUN"]
[SourceTitle "playchess.com"]
[Source "ChessBase"]
[SourceQuality "1"]
[TimeControl "5400+30"]

1. e4 c5 2. Nf3 d6 3. d4 cxd4 4. Nxd4 Nf6 5. Nc3 a6 6. f3 e5 7. Nb3 Be6 8. Be3 Be7 9. Qd2 Nbd7 10. O-O-O Qc7 11. g4 h6 12. h4 b5 13. Nd5 Bxd5 14. exd5 Nb6 15. Bxb6 Qxb6 16. Bd3 Rc8 17. g5 Nxd5 18. Bf5 1-0

[Event "Hungarian Youth-ch I 2024"]
[Site "Szolnok"]
[Date "2024.04.02"]
[Round "3.11"]
[White "Bod, Marton"]
[Black "Lehocz, Jozsef Jr."]
[Result "0-1"]
[ECO "B40"]
[WhiteElo "1870"]
[BlackElo "2143"]
[Annotator "RC"]
[PlyCount "116"]
[EventDate "2024.03.31"]
[EventType "swiss"]
[EventCountry "HUN"]
[SourceTitle "playchess.com"]
[Source "ChessBase"]
[SourceQuality "1"]
[TimeControl "5400+30"]

1. e4 c5 2. Nf3 e6 3. d4 cxd4 4. Nxd4 Nf6 5. Nc3 Qb6 6. Nb3 Bb4 7. Bd3 Bxc3+ 8. bxc3 d6 9. O-O Nbd7 10. Kh1 O-O 11. Ba3 e5 12. Qd2 Qc6 13. f3 Nc5 14. Nxc5 dxc5 15. Qg5 Re8 16. Rab1 c4 17. Be2 h6 18. Qe3 Be6 19. Qc5 Qxc5 20. Bxc5 b6 21. Bf2 Red8 22. Rfd1 Kf8 23. Kg1 Ke7 24. a4 Rxd1+ 25. Rxd1 Rd8 26. Rxd8 Kxd8 27. Bg3 Nd7 28. Kf1 f6 29. Ke1 Kc7 30. Bf2 Kb7 31. a5 bxa5 32. Kd1 Nb6 33. Kc1 Na4 34. Be1 Kc6 35. Kb1 Kb5 36. Ka2 Nc5 37. Ka3 f5 38. exf5 Bxf5 39. Bg3 e4 40. Be5 g6 41. f4 h5 42. h3 h4 43. Bd4 Ne6 44. Be3 Nc7 45. Bd4 Nd5 46. Bf1 a6 47. Bf2 Nxf4 48. g4 Bc8 49. Bg1 Be6 50. Bd4 Bd5 51. g5 Be6 52. Be3 Bxh3 53. Bxh3 Nxh3 54. Ka2 Nxg5 55. Bxg5 h3 56. Bf4 g5 57. Bg3 e3 58. Kb1 e2 0-1

[Event "Hungarian Youth-ch I 2024"]
[Site "Szolnok"]
[Date "2024.04.02"]
[Round "3.12"]
[White "Jokai, Bence"]
[Black "Kovacs, Kristof"]
[Result "0-1"]
[ECO "C44"]
[WhiteElo "1750"]
[BlackElo "2000"]
[Annotator "RC"]
[PlyCount "100"]
[EventDate "2024.03.31"]
[EventType "swiss"]
[EventCountry "HUN"]
[SourceTitle "playchess.com"]
[Source "ChessBase"]
[SourceQuality "1"]
[TimeControl "5400+30"]

1. e4 e5 2. Nf3 Nc6 3. d4 exd4 4. Nxd4 Nf6 5. Nc3 Bb4 6. Nxc6 bxc6 7. Bd3 d5 8. exd5 cxd5 9. O-O O-O 10. h3 c6 11. Qf3 Be7 12. Bf4 Be6 13. Rfe1 c5 14. Nb5 c4 15. Bf1 Qb6 16. Nc7 Rac8 17. Nxe6 fxe6 18. Qe3 Ne4 19. Qxb6 axb6 20. Be3 Rc6 21. Be2 Bc5 22. Bxc5 Nxc5 23. Bf3 Rd6 24. Be2 b5 25. b3 Ra8 26. f3 Ra3 27. Red1 Rda6 28. bxc4 bxc4 29. Rab1 Rxa2 30. Rb8+ Kf7 31. Rd4 Rxc2 32. Bd1 Rc1 33. Kh2 Nd7 34. Rb7 Ke7 35. f4 g6 36. Be2 Rc6 37. Bg4 h5 38. Bd1 Ra1 39. Be2 Ra2 40. Bf1 Ra5 41. Rd1 Rac5 42. g4 h4 43. f5 gxf5 44. gxf5 exf5 45. Bg2 Kd6 46. Bxd5 Rxd5 47. Rxd7+ Kxd7 48. Rxd5+ Ke6 49. Rd2 c3 50. Rc2 Kd5 0-1

[Event "Hungarian Youth-ch I 2024"]
[Site "Szolnok"]
[Date "2024.04.02"]
[Round "3.13"]
[White "Sinoros-Szabo, Daniel"]
[Black "Toth, Rafael"]
[Result "1-0"]
[ECO "B48"]
[WhiteElo "1971"]
[BlackElo "1843"]
[Annotator "RC"]
[PlyCount "43"]
[EventDate "2024.03.31"]
[EventType "swiss"]
[EventCountry "HUN"]
[SourceTitle "playchess.com"]
[Source "ChessBase"]
[SourceQuality "1"]
[TimeControl "5400+30"]

1. e4 c5 2. Nf3 e6 3. d4 cxd4 4. Nxd4 Nc6 5. Nc3 Qc7 6. Be3 a6 7. a3 Nf6 8. f4 d6 9. Qe2 Be7 10. O-O-O b5 11. Nxc6 Qxc6 12. g4 Bb7 13. Bg2 O-O-O 14. g5 Nd7 15. Bd4 Rhg8 16. Qh5 f6 17. Qf7 Rde8 18. Bh3 fxg5 19. Bxe6 Bf6 20. Bxf6 gxf6 21. Nd5 Rgf8 22. Bxd7+ 1-0

[Event "Hungarian Youth-ch I 2024"]
[Site "Szolnok"]
[Date "2024.04.02"]
[Round "3.14"]
[White "Feher, Botond"]
[Black "Horvath, Matyas Sandor"]
[Result "1-0"]
[ECO "B21"]
[WhiteElo "2018"]
[BlackElo "1729"]
[Annotator "RC"]
[PlyCount "79"]
[EventDate "2024.03.31"]
[EventType "swiss"]
[EventCountry "HUN"]
[SourceTitle "playchess.com"]
[Source "ChessBase"]
[SourceQuality "1"]
[TimeControl "5400+30"]

1. e4 c5 2. d4 cxd4 3. c3 dxc3 4. Nxc3 Nc6 5. Nf3 e6 6. Bc4 a6 7. O-O Nge7 8. Bg5 f6 9. Be3 Ng6 10. Bb3 Be7 11. Na4 b5 12. Bb6 bxa4 13. Bxd8 Nxd8 14. Bxa4 Nc6 15. Rc1 Bb7 16. Qb3 Na5 17. Qb6 Bd8 18. Qxe6+ Kf8 19. Bxd7 Be7 20. Qb6 Bd8 21. Qc5+ Ne7 22. Nd4 h5 23. b4 Nac6 24. Nxc6 Bxc6 25. Bxc6 Rc8 26. Qd6 Bc7 27. Qd7 Be5 28. Rfd1 Kf7 29. Bd5+ Kg6 30. Qxe7 Rxc1 31. Rxc1 Rb8 32. Qf7+ Kh6 33. a3 Bf4 34. Rc3 Rb6 35. h4 a5 36. Rf3 Be5 37. Rf5 g6 38. Qf8+ Kh7 39. Qg8+ Kh6 40. Qh8# 1-0

[Event "Hungarian Youth-ch I 2024"]
[Site "Szolnok"]
[Date "2024.04.02"]
[Round "3.15"]
[White "Papai, Mate"]
[Black "Morovan-Szabo, Lorinc"]
[Result "1-0"]
[ECO "E92"]
[WhiteElo "1887"]
[BlackElo "1822"]
[Annotator "NA RC"]
[PlyCount "95"]
[EventDate "2024.03.31"]
[EventType "swiss"]
[EventCountry "HUN"]
[SourceTitle "playchess.com"]
[Source "ChessBase"]
[SourceQuality "1"]
[TimeControl "5400+30"]

1. d4 Nf6 2. c4 g6 3. Nc3 Bg7 4. e4 d6 5. Be2 O-O 6. Be3 e5 7. Nf3 Nc6 8. d5 Ne7 9. Nd2 Nd7 10. b4 f5 11. f3 f4 12. Bf2 g5 13. c5 Nf6 14. Nc4 a6 15. Qb3 $18 Kh8 16. Rc1 g4 17. a4 Rb8 18. cxd6 cxd6 19. Bb6 Qd7 20. Ba7 b5 21. Bxb8 bxc4 22. Qxc4 Ne8 23. Nd1 Qb7 24. Bc7 gxf3 25. gxf3 Nxc7 26. Qxc7 Qxb4+ 27. Qc3 Qxa4 28. Nb2 Qe8 29. Qc7 Bf6 30. Qxd6 Bh4+ 31. Kd2 Ng6 32. Bxa6 Be7 33. Qb6 Bxa6 34. Qxa6 Qb8 35. Nd3 Nh4 36. Ke2 Qb3 37. Qa7 Nxf3 38. Qxe7 Nd4+ 39. Ke1 Nf3+ 40. Kf2 Qb6+ 41. Qc5 Qh6 42. Kxf3 Qh3+ 43. Ke2 Qg2+ 44. Nf2 f3+ 45. Kd2 Qg5+ 46. Kd3 Rb8 47. Rhg1 Rb3+ 48. Kc4 1-0

[Event "Hungarian Youth-ch I 2024"]
[Site "Szolnok"]
[Date "2024.04.02"]
[Round "3.16"]
[White "Minga-Nagy, Abel Inti"]
[Black "Meszaros-Csonka, David"]
[Result "1/2-1/2"]
[ECO "B40"]
[WhiteElo "1929"]
[BlackElo "1941"]
[Annotator "RC"]
[PlyCount "42"]
[EventDate "2024.03.31"]
[EventType "swiss"]
[EventCountry "HUN"]
[SourceTitle "playchess.com"]
[Source "ChessBase"]
[SourceQuality "1"]
[TimeControl "5400+30"]

1. e4 c5 2. Nf3 e6 3. d4 cxd4 4. Nxd4 Nf6 5. Nc3 Nc6 6. Nxc6 bxc6 7. e5 Nd5 8. Ne4 Qc7 9. f4 Qb6 10. Bd3 Bc5 11. Qg4 g6 12. Qf3 Ba6 13. Nxc5 Qxc5 14. Bxa6 Qa5+ 15. Bd2 Qxa6 16. b3 Qb6 17. Qf2 c5 18. O-O O-O 19. c4 Nb4 20. Qh4 Nc2 21. Rad1 Nd4 1/2-1/2

[Event "Hungarian Youth-ch I 2024"]
[Site "Szolnok"]
[Date "2024.04.02"]
[Round "3.17"]
[White "Hangay, Oliver"]
[Black "Kiss, Mate Botond"]
[Result "1-0"]
[ECO "C72"]
[WhiteElo "1962"]
[BlackElo "1645"]
[Annotator "RC"]
[PlyCount "105"]
[EventDate "2024.03.31"]
[EventType "swiss"]
[EventCountry "HUN"]
[SourceTitle "playchess.com"]
[Source "ChessBase"]
[SourceQuality "1"]
[TimeControl "5400+30"]

1. e4 e5 2. Nf3 Nc6 3. Bb5 a6 4. Ba4 d6 5. O-O Bg4 6. h3 h5 7. d4 Bxf3 8. Bxc6+ bxc6 9. Qxf3 exd4 10. c3 c5 11. Rd1 Qf6 12. Qxf6 Nxf6 13. cxd4 cxd4 14. Rxd4 Be7 15. Nc3 O-O 16. b3 c5 17. Rd1 Rfe8 18. f3 Rab8 19. Bf4 Rbd8 20. Rd3 Rd7 21. Rad1 Red8 22. g4 hxg4 23. hxg4 Ne8 24. Nd5 Bf8 25. Nb6 Rb7 26. Nc4 Rbd7 27. e5 d5 28. Nb6 Rb7 29. Nxd5 Rbd7 30. Ne7+ Rxe7 31. Rxd8 Nc7 32. R8d7 Rxd7 33. Rxd7 Ne6 34. Be3 g6 35. Rd5 Kg7 36. f4 Nc7 37. Rd1 Nb5 38. Rc1 Nd4 39. Bxd4 cxd4 40. Kf2 Bb4 41. Ke2 Bc3 42. Kd3 f6 43. exf6+ Kxf6 44. Rxc3 dxc3 45. b4 Ke6 46. Kxc3 Kd5 47. Kd3 Kc6 48. a4 Kd5 49. b5 axb5 50. axb5 Kc5 51. f5 gxf5 52. g5 Kxb5 53. g6 1-0